 Dungeon Crawl Stone Soup version 0.32-a0-900-g30fb1b0edc (webtiles) character file.

Game seed: 17058793821963170754

327225 Griffin23 the Slayer (level 20, -8/181 (198) HPs)
             Began as a Minotaur Fighter on Apr 5, 2024.
             Was an Initiate of Gozag.
             Killed from afar by Frederick (79 damage)
             ... with an iron shot
             ... on level 2 of the Vaults.
             The game lasted 01:50:50 (34641 turns).

Griffin23 the Slayer (Minotaur Fighter)            Turns: 34641, Time: 01:51:20

HP:   -8/181 (198)  AC: 48    Str: 32    XL:     20   Next: 77%
MP:   19/19         EV: 10    Int: 10    God:    Gozag
Gold: 1472          SH:  0    Dex: 13    Spells: 19/19 levels left

rFire   . . .        P - +16 obsidian axe {drain, demonic, Mesm ^Drain Fly SInv}
rCold   . . .        (no shield)
rNeg    . . .        h - +12 crystal plate armour of Empasotu {+Inv Regen+}
rPois   +            E - +2 hood of the Assassin {Detect Stab+ Stlth++}
rElec   +            a - +2 cloak
rCorr   +            K - +2 pair of gloves {Dex+3}
SInv    +            H - +0 pair of boots
Will    ++...        o - amulet of regeneration Stlth
                     y - ring "Uroxzucw" {rPois rCorr Str+2 Int+3}
HPRegen 2.10/turn    e - ring of Ynlarou {rElec Will+ Str+2 Slay+3}
MPRegen 0.16/turn

%: no passive effects
@: flying, mesmerised, studying Polearms, drained
A: horns 2, retaliatory headbutt
}: 2/15 runes: decaying, serpentine
a: Renounce Religion, Evoke Invisibility, Potion Petition, Call Merchant, Bribe
Branch


You were on level 2 of the Vaults.
You worshipped Gozag.
Gozag was most pleased with you.
You visited 7 branches of the dungeon, and saw 33 of its levels.
You also visited: Bailey.

You collected 13527 gold pieces.
You spent 2790 gold pieces at shops.
You paid 9265 gold pieces to Gozag.

Inventory:

Hand Weapons
 D - a +2 demon blade of electrocution
 P - the +16 obsidian axe (weapon) {drain, demonic, Mesm ^Drain Fly SInv}
   (You bought it in a shop on level 2 of the Orcish Mines)

   Mesm:      Its wielder is mesmerised by any visible foes, and it cannot be
   unequipped while any foes are visible.
   SInv:      It lets you see invisible.
   Fly:       It grants you flight.
   ^Drain:    It drains your maximum health when unequipped.
 S - the +1 great sword "Ameur Odwu" {heavy, rN+ Will+}
   (You took it off a naga mage on level 3 of the Snake Pit)

   rN+:       It protects you from negative energy.
   Will+:     It increases your willpower.
Missiles
 t - 5 throwing nets
 J - 28 boomerangs (quivered)
Armour
 a - a +2 cloak (worn)
 h - the +12 crystal plate armour of Empasotu (worn) {+Inv Regen+}
   (You acquired it on level 2 of the Snake Pit)

   +Inv:      It lets you turn invisible.
   Regen+:    It increases your rate of health regeneration.
 E - the +2 hood of the Assassin (worn) {Detect Stab+ Stlth++}
   (You bought it in a shop on level 2 of the Orcish Mines)

   Detect:    It allows the wearer to sense nearby creatures.
   Stab+:     It allows the wearer to make particularly effective stabbing
   attacks against helpless or unaware enemies with any weapon.
   Stlth++:   It makes you much more stealthy.
 H - a +0 pair of boots (worn)
 K - a +2 pair of gloves of dexterity (worn)
Jewellery
 e - the ring of Ynlarou (right hand) {rElec Will+ Str+2 Slay+3}
   (You acquired it on level 13 of the Dungeon)

   [ring of willpower]

   Str+2:     It affects your strength (+2).
   Slay+3:    It affects your accuracy & damage with ranged weapons and melee
   (+3).
   rElec:     It insulates you from electricity.
   Will+:     It increases your willpower.
 o - an amulet of regeneration (around neck)
 y - the ring "Uroxzucw" (left hand) {rPois rCorr Str+2 Int+3}
   (You took it off a salamander on level 3 of the Snake Pit)

   [ring of resist corrosion]

   Str+2:     It affects your strength (+2).
   Int+3:     It affects your intelligence (+3).
   rPois:     It protects you from poison.
   rCorr:     It protects you from acid and corrosion.
 X - a ring of positive energy
Wands
 l - a wand of quicksilver (3)
 v - a wand of flame (28)
 B - a wand of digging (9)
 F - a wand of paralysis (6)
 R - a wand of mindburst (23)
 V - a wand of iceblast (9)
 W - a wand of polymorph (16)
Scrolls
 b - 6 scrolls of revelation
 c - 3 scrolls of noise
 d - 3 scrolls of butterflies
 n - 9 scrolls of poison
 q - 6 scrolls of immolation
 s - 5 scrolls of brand weapon
 w - 7 scrolls of teleportation
 z - 8 scrolls of fear
 A - a scroll of silence
 L - 5 scrolls of fog
 N - 7 scrolls of enchant weapon
 O - 2 scrolls of amnesia
 T - 2 scrolls of blinking
 U - 4 scrolls of enchant armour
Potions
 g - 12 potions of curing
 i - a potion of enlightenment
 j - 5 potions of brilliance
 k - 6 potions of lignification
 m - 3 potions of invisibility
 p - 2 potions of heal wounds
 r - 3 potions of magic
 u - 2 potions of might
 C - 2 potions of resistance
 G - 3 potions of berserk rage
 I - 4 potions of ambrosia
 M - 6 potions of attraction
 Y - a potion of haste
 Z - 4 potions of cancellation
Miscellaneous
 f - a box of beasts
 x - a lightning rod (4/4)
 Q - a Gell's gravitambourine (2/2)


   Skills:
 - Level 21.3 Fighting
 - Level 19.3 Long Blades
 * Level 12.0 Axes
 - Level 9.4 Throwing
 - Level 17.8 Armour
 - Level 9.9 Dodging
 - Level 4.6 Stealth
 - Level 14.4 Shields
 - Level 8.3 Evocations


You had 19 spell levels left.
You didn't know any spells.
Your spell library contained the following spells:

 Spells                   Type           Power      Damage    Failure   Level
 Apportation              Tloc           0%         N/A       99%         1
 Foxfire                  Conj/Fire      0%         2x1d4     99%         1
 Kiss of Death            Conj/Necr      0%         2d5       99%         1
 Magic Dart               Conj           0%         1d3       99%         1
 Necrotise                Necr           0%         1d4       99%         1
 Shock                    Conj/Air       0%         1d3       99%         1
 Sting                    Conj/Alch      0%         1d3       99%         1
 Summon Small Mammal      Summ           0%         N/A       99%         1
 Blink                    Tloc           0%         N/A       99%         2
 Call Imp                 Summ           0%         N/A       99%         2
 Ensorcelled Hibernation  Hex/Ice        0%         N/A       99%         2
 Mercury Vapours          Alch/Air       0%         N/A       99%         2
 Sublimation of Blood     Necr           0%         N/A       99%         2
 Fugue of the Fallen      Necr           0%         N/A       100%        3
 Mephitic Cloud           Conj/Alch/Air  0%         N/A       100%        3
 Passwall                 Erth           0%         N/A       100%        3
 Swiftness                Air            0%         N/A       100%        3
 Teleport Other           Tloc           0%         N/A       100%        3
 Tukima's Dance           Hex            0%         N/A       100%        3
 Vampiric Draining        Necr           0%         2d6       100%        3
 Airstrike                Air            0%         2d(0-16)  100%        4
 Anguish                  Hex/Necr       0%         N/A       100%        4
 Brom's Barrelling Bould  Conj/Erth      0%         2d3       100%        4
 Cause Fear               Hex            0%         N/A       100%        4
 Dimensional Bullseye     Hex/Tloc       0%         N/A       100%        4
 Iskenderun's Mystic Bla Conj/Tloc 0%             2d3        (+2d1     100%        4
 Leda's Liquefaction      Alch/Erth      0%         N/A       100%        4
 Martyr's Knell           Necr/Summ      0%         N/A       100%        4
 Passage of Golubria      Tloc           0%         N/A       100%        4
 Petrify                  Alch/Erth      0%         N/A       100%        4
 Curse of Agony           Necr           0%         N/A       100%        5
 Fireball                 Conj/Fire      0%         3d3       100%        5
 Freezing Cloud           Conj/Ice/Air   0%         6-21      100%        5
 Irradiate                Conj/Alch      0%         3d11      100%        5
 Iskenderun's Battlesphe  Conj           0%         2d6       100%        5
 Lee's Rapid Deconstruct  Erth           0%         3d4*      100%        5
 Silence                  Hex/Air        0%         N/A       100%        5
 Conjure Ball Lightning   Conj/Air       0%         3x3d6     100%        6
 Dispersal                Tloc           0%         N/A       100%        6
 Gell's Gavotte           Tloc           0%         2d(11-16) 100%        6
 Permafrost Eruption      Ice/Erth       0%         2x4d1     100%        6
 Plasma Beam              Fire/Air       0%         2x1d10    100%        6
 Sculpt Simulacrum        Ice/Alch       0%         N/A       100%        6
 Starburst                Conj/Fire      0%         6d3       100%        6
 Enfeeble                 Hex            0%         N/A       100%        7
 Haunt                    Necr/Summ      0%         N/A       100%        7
 Orb of Destruction       Conj           0%         9d5       100%        7
 Ozocubu's Refrigeration  Ice            0%         4d7       100%        7
 Summon Hydra             Summ           0%         N/A       100%        7
 Discord                  Hex            0%         N/A       100%        8
 Disjunction              Tloc           0%         N/A       100%        8
 Lehudib's Crystal Spear  Conj/Erth      0%         10d2      100%        8
 Polar Vortex             Ice            0%         N/A       100%        9
 Animate Dead             Necr           Unusable   N/A       N/A         4

Dungeon Overview and Level Annotations

Branches:
Dungeon (15/15)            Temple (1/1) D:6            Lair (5/5) D:11
  Swamp (4/4) Lair:2        Snake (4/4) Lair:2        Slime (0/5) Lair:5
    Orc (2/2) D:9             Elf (0/3) Orc:2        Vaults (2/5) D:13
 Depths (0/4) D:15         Bailey (visited)
  Crypt: Vaults:2-3

Altars:
Ashenzari
Cheibriados
Dithmenos
Elyvilon
Fedhas
Gozag
Hepliaklqana
Kikubaaqudgha
Makhleb
Nemelex Xobeh
Okawaru
Qazlal
Ru
Sif Muna
Trog
Uskayaw
Vehumet
Wu Jian
Xom
Yredelemnul
Zin
The Shining One

Shops:
D:10 :   Orc:2 [(?([

Portals:
Hell: Lair:5

Annotations:
Snake:4 Bai Suzhen
Vaults:2 Frederick


Innate Abilities, Weirdness & Mutations

You have a pair of horns on your head.
You reflexively headbutt those who attack you in melee.


Message History

Okay, then.
Okay, then.
As you read the scroll of fog, it dissolves into smoke.
You slice Frederick!! You drain Frederick. You open a gate to Pandemonium!
A demon appears!
Your headbutt misses Frederick.
Frederick is moderately wounded.
Frederick gestures wildly while chanting.
Frederick summons a servant imbued with his destructive magic!
You barely miss Frederick. You headbutt Frederick!
Frederick is moderately wounded.
Frederick hits you but does no damage.
Frederick hits your sixfirhy with a +3 broad axe.
You slash Frederick!
Frederick is moderately wounded.
You hit the spellforged servitor but do no damage.
Your sixfirhy hits Frederick.
Your sixfirhy shocks Frederick!
Your sixfirhy hits Frederick.
Your sixfirhy shocks Frederick!
Your sixfirhy misses Frederick. Frederick hits you but does no damage.
Frederick hits your sixfirhy with a +3 broad axe.
The spellforged servitor points at you and mumbles some strange words.
The iron shot hits you.
You slice Frederick!!
Frederick is severely wounded.
You slice the spellforged servitor!! Your sixfirhy hits Frederick!
Your sixfirhy shocks Frederick!
Your sixfirhy hits Frederick but does no damage. x2
Your sixfirhy hits Frederick.
Your sixfirhy shocks Frederick!
Frederick hits your sixfirhy with a +3 broad axe!!!
Your sixfirhy dies!
Your sixfirhy disappears in a puff of smoke!
Frederick hits you with a +3 broad axe.
Frederick shouts!
You closely miss Frederick. You headbutt Frederick!
Frederick is almost dead.
You slice the spellforged servitor!!
Frederick gestures at you while chanting.
The iron shot hits you!!!
You die...
Frederick says, "You don't even know how to die right."
Your body crumbles into a pile of gold.

#..####'############....#########
#...........##....#
#...........##....#
#..###.###..##....#
#..##.#.##..##....#
#..#.#.#.#..##....#
#...#.#.#§§§##....#
#..#.#.#.#§§##....#
#..##.#.##@§##....# #.. ##.#
#@9##....# # ... §§§# ... ....#
### ######


You could see Frederick (mesmerising, drained) and a spellforged servitor
(summoned).

Vanquished Creatures
  Saint Roka (Orc:2)
  Nikola (Snake:1)
  A quicksilver dragon (Snake:4)
  The ghost of Usydixif the Severer, an adept MDNe of Kikubaaqudgha (Snake:2)
  A sphinx (Vaults:1)
  2 thorn hunters
  Donald (Swamp:1)
  Roxanne (Swamp:4)
  The ghost of inkslinger the Bludgeoner, an adept GrEE of Fedhas (Snake:1)
  A vault warden (Vaults:1)
  The ghost of Jaeprux the Impaler, a journeyman MiFi of Okawaru (Orc:1)
  3 ironbound thunderhulks (Vaults:1)
  An ironbound preserver (Vaults:1)
  A stone giant (D:15)
  Nessos (D:15)
  3 bunyips
  4 eleionomae
  7 dire elephants
  Azrael (D:15)
  The ghost of Juseph the Severer, a journeyman HOFi (Lair:3)
  2 fire dragons (Swamp:4)
  Fannar (D:11)
  A great orb of eyes (Vaults:1)
  7 yaktaur captains
  A salamander tyrant (Snake:4)
  A spriggan air mage (Swamp:4)
  28 hydras
  3 ogre magi
  7 boulder beetles
  10 alligators
  2 ghost crabs
  18 anacondas
  A dancing weapon (Orc:1)
  2 ironbound frosthearts (Vaults:1)
  6 two-headed ogres
  Erica (D:9)
  9 centaur warriors
  A tengu warrior (D:15)
  9 death yaks
  A death knight (D:15)
  11 naga sharpshooters
  Urug (Lair:4)
  2 occultists
  2 orc high priests (Orc:2)
  8 shock serpents
  A sun demon (Lair:5)
  12 naga warriors
  2 goliath frogs
  8 spriggans
  3 skysharks
  Lodul (D:13)
  2 salamander mystics
  3 spriggan druids
  2 sea snakes (Snake:2)
  6 swamp dragons
  7 naga ritualists
  3 arcanists
  4 bog bodies
  A death drake (Swamp:3)
  18 mana vipers
  A necromancer (D:15)
  2 phantasmal warriors (D:15)
  The ghost of KennySheep the Covert, a novice AtWr of Makhleb (D:6)
  4 lindwurms (Swamp:4)
  3 obsidian bats
  A steelbarb worm (Swamp:2)
  3 harpies (Vaults:1)
  2 ironbound convokers (Vaults:1)
  2 orc knights
  9 will-o-the-wisps
  4 deep elf pyromancers
  8 orc sorcerers
  10 ugly things
  17 salamanders
  A deep elf zephyrmancer (Orc:1)
  A faun (shapeshifter) (Vaults:1)
  A manticore (D:13)
  3 cyclopes
  6 guardian serpents
  3 vault sentinels
  45 black mambas
  22 naga magi
  Maggie (D:8)
  A torpor snail (Lair:3)
  17 cane toads
  A gargoyle (D:11)
  2 unseen horrors
  7 komodo dragons
  An orange demon (Lair:5)
  4 rime drakes
  23 yaktaurs
  A freezing wraith (D:15)
  3 ice devils (Lair:5)
  An efreet (D:12)
  4 tengu conjurers
  2 hydra zombies (Swamp:3)
  A red devil (Lair:5)
  A hellwing (Lair:5)
  7 trolls
  3 polar bears
  6 hornets
  A queen bee (shapeshifter) (D:15)
  9 blink frogs
  11 tyrant leeches
  2 dream sheep
  A shadow (D:12)
  A vampire (D:12)
  15 slime creatures
  3 wraiths
  4 fire bats (Swamp:4)
  3 basilisks
  6 wyverns
  22 yaks
  2 steam dragons
  2 wargs
  4 fire elementals (D:15)
  9 vampire mosquitoes
  31 nagas
  9 water moccasins
  21 swamp worms
  An acid dragon (D:11)
  9 swamp drakes
  29 orc warriors
  7 hell hounds
  Duvessa (D:5)
  2 sky beasts
  3 ice beasts
  18 ogres
  A black bear (D:4)
  22 wolves
  10 centaurs
  Blork the orc (D:4)
  6 bullfrogs
  A kobold brigand (D:8)
  4 gnoll sergeants
  2 scorpions (D:4)
  15 wights
  Dowan (D:5)
  5 killer bees (D:11)
  3 electric eels
  4 howler monkeys (D:7)
  A crimson imp (Orc:1)
  A lava snake (Swamp:4)
  A gnoll bouda (D:6)
  An iron imp (Orc:1)
  6 jellies
  Crazy Yiuf (D:3)
  A bombardier beetle (D:10)
  24 orc priests
  3 hounds
  A sleepcap (D:6)
  5 iguanas
  45 orc wizards
  18 gnolls
  6 adders
  A shadow imp (Orc:1)
  3 white imps
  2 ufetubi (D:6)
  A dart slug (D:3)
  2 ribbon worms
  87 orcs
  6 endoplasms
  3 giant cockroaches
  9 goblins
  11 hobgoblins
  5 jackals
  4 quokkas
  9 ball pythons
  7 bats
  5 frilled lizards
  21 kobolds
  4 rats
1072 creatures vanquished.

Vanquished Creatures (collateral kills)
  3 dire elephants (Vaults:1)
  A black mamba (Snake:4)
  A yaktaur (Vaults:1)
5 creatures vanquished.

Vanquished Creatures (others)
  A salamander tyrant (Snake:4)
  An anaconda (Snake:4)
  A naga sharpshooter (Snake:4)
  A mana viper (Snake:1)
  A naga ritualist (Snake:1)
  2 black mambas
  2 guardian serpents (Snake:4)
  A bloated husk (Swamp:3)
  2 nagas (Snake:4)
  A swamp worm (Swamp:4)
  A swamp drake (Swamp:4)
  An orc warrior (Orc:1)
  2 orc priests
  An orc wizard (Orc:2)
  6 orcs (Orc:1)
  49 foxfires
73 creatures vanquished.

Grand Total: 1150 creatures vanquished

Notes
Turn   | Place    | Note
-------+----------+-------------------------------------------
     0 | D:1      | Griffin23 the Minotaur Fighter began the quest for the Orb.
     0 | D:1      | Reached XP level 1. HP: 19/19 MP: 0/0
   731 | D:1      | Reached XP level 2. HP: 21/27 MP: 1/1
  1147 | D:2      | Reached skill level 4 in Fighting
  1147 | D:2      | Reached XP level 3. HP: 33/33 MP: 2/2
  1190 | D:2      | Identified the +5 spear "Wuclugiur" {elec, *Slow rC+ Str+7
                  | Int+3}
  1796 | D:3      | Reached XP level 4. HP: 39/40 MP: 3/3
  2219 | D:3      | Reached XP level 5. HP: 33/47 MP: 4/4
  2378 | D:3      | Identified the +5 chain mail "Hiux Cuik" {Rampage Dex+6
                  | Stlth-}
  2452 | D:3      | Found a sacrificial altar of Ru.
  2877 | D:3      | Found a runed translucent door.
  2878 | D:3      | Noticed Crazy Yiuf
  2974 | D:3      | Killed Crazy Yiuf
  3147 | D:4      | Noticed a black bear
  3154 | D:4      | Killed a black bear
  3155 | D:4      | Reached skill level 5 in Fighting
  3155 | D:4      | Reached skill level 5 in Long Blades
  3155 | D:4      | Reached skill level 5 in Armour
  3155 | D:4      | Reached skill level 5 in Shields
  3155 | D:4      | Reached XP level 6. HP: 47/56 MP: 5/5
  3187 | D:4      | Noticed Blork the orc
  3203 | D:4      | Killed Blork the orc
  3237 | D:4      | Found a radiant altar of Vehumet.
  3534 | D:3      | Reached XP level 7. HP: 14/61 MP: 6/6
  3877 | D:5      | Entered Level 5 of the Dungeon
  4267 | D:5      | Noticed Dowan
  4268 | D:5      | Noticed Duvessa
  4278 | D:5      | Killed Duvessa
  4280 | D:5      | Killed Dowan
  4281 | D:5      | Reached skill level 6 in Fighting
  4417 | D:5      | Found a bloodstained altar of Trog.
  4428 | D:5      | Found a burning altar of Makhleb.
  4811 | D:6      | Reached XP level 8. HP: 58/70 MP: 7/7
  4935 | D:6      | Found a staircase to the Ecumenical Temple.
  4957 | D:6      | Identified the +4 scale mail of Sin {Rampage rF+}
  5015 | D:6      | Found a transporter.
  5016 | D:6      | Found a transporter.
  5149 | D:6      | Found a shadowy altar of Dithmenos.
  5663 | D:7      | Reached skill level 7 in Fighting
  5691 | D:7      | Reached XP level 9. HP: 24/76 MP: 8/8
  5871 | D:7      | Identified the +1 leather armour of Aphy {+Inv rPois Regen+
                  | Str-2}
  5909 | D:7      | Found a glowing silver altar of Zin.
  6361 | D:8      | Noticed Maggie
  6378 | D:8      | Killed Maggie
  6379 | D:8      | Reached skill level 10 in Long Blades
  6420 | D:6      | Noticed KennySheep's ghost (novice AtWr)
  6460 | Temple   | Entered the Ecumenical Temple
  6467 | Temple   | Became a worshipper of Gozag Ym Sagoz the Greedy
  6544 | D:8      | Found a broken altar of Ashenzari.
  6577 | D:8      | Reached skill level 8 in Fighting
  6848 | D:8      | Found an iron altar of Okawaru.
  6915 | D:8      | Found a flagged portal.
  6936 | Bailey   | Entered a bailey
  7034 | Bailey   | Noticed an orc knight
  7044 | Bailey   | Killed an orc knight
  7200 | Bailey   | Reached XP level 10. HP: 46/90 MP: 9/9
  7719 | D:9      | Noticed a two-headed ogre
  7728 | D:9      | Killed a two-headed ogre
  7878 | D:9      | Noticed Erica
  7888 | D:9      | Killed Erica
  7889 | D:9      | Reached skill level 9 in Fighting
  8378 | D:9      | Found a staircase to the Orcish Mines.
  8668 | D:10     | Entered Level 10 of the Dungeon
  8795 | D:10     | Found Zidd's Tremendous Tomes.
  8959 | D:10     | Noticed a two-headed ogre
  8965 | D:10     | Killed a two-headed ogre
  9025 | D:10     | Reached XP level 11. HP: 96/99 MP: 10/10
  9216 | D:10     | Found a snail-covered altar of Cheibriados.
  9326 | D:11     | Found a staircase to the Lair.
  9343 | D:11     | Reached skill level 10 in Shields
  9447 | D:11     | Reached skill level 10 in Fighting
  9447 | D:11     | Reached skill level 10 in Armour
  9594 | D:11     | Noticed Fannar
  9615 | D:11     | Killed Fannar
 10235 | Lair:1   | Entered Level 1 of the Lair of Beasts
 10255 | Lair:1   | Noticed a boulder beetle
 10286 | Lair:1   | Killed a boulder beetle
 10466 | Lair:1   | Found a sacrificial altar of Ru.
 10731 | Lair:1   | Reached skill level 11 in Fighting
 11018 | Lair:2   | Noticed a seven-headed hydra
 11026 | Lair:2   | Killed a three-headed hydra
 11090 | Lair:2   | Found a staircase to the Swamp.
 11090 | Lair:2   | Noticed a bog body
 11090 | Lair:2   | Noticed a bog body
 11128 | Lair:2   | Killed a bog body
 11131 | Lair:2   | Killed a bog body
 11132 | Lair:2   | Reached XP level 12. HP: 79/110 MP: 11/11
 11191 | Lair:2   | Reached skill level 15 in Long Blades
 11529 | Lair:2   | Noticed a six-headed hydra
 11538 | Lair:2   | Killed a one-headed hydra
 11603 | Lair:2   | You fall into a shaft and drop 2 floors!
 11644 | Lair:4   | Noticed Urug
 11654 | Lair:4   | Killed Urug
 12039 | Lair:2   | Found a staircase to the Snake Pit.
 12231 | Lair:3   | Found a large runed translucent door.
 12261 | Lair:3   | Noticed a death yak
 12261 | Lair:3   | Noticed a death yak
 12261 | Lair:3   | Noticed a death yak
 12262 | Lair:3   | Noticed a death yak
 12262 | Lair:3   | Noticed a death yak
 12286 | Lair:2   | Killed a death yak
 12287 | Lair:2   | Reached skill level 12 in Fighting
 12305 | Lair:2   | Killed a death yak
 12310 | Lair:2   | Killed a death yak
 12353 | Lair:3   | Killed a death yak
 12359 | Lair:3   | Killed a death yak
 12366 | Lair:3   | Found a large runed translucent door.
 12379 | Lair:3   | Noticed Juseph's ghost (journeyman HOFi)
 12612 | Lair:3   | Noticed a five-headed hydra
 12625 | Lair:3   | Killed a two-headed hydra
 12626 | Lair:3   | Reached XP level 13. HP: 90/119 MP: 12/12
 13592 | Lair:3   | Killed Juseph's ghost
 13593 | Lair:3   | Reached skill level 13 in Fighting
 14802 | Lair:5   | Entered Level 5 of the Lair of Beasts
 15163 | Lair:5   | Found a staircase to the Slime Pits.
 15625 | Lair:5   | Reached XP level 14. HP: 115/130 MP: 13/13
 15707 | Lair:5   | Found a burning altar of Makhleb.
 15863 | Lair:5   | Found a gateway to Hell.
 16589 | D:12     | Reached skill level 14 in Fighting
 17237 | D:13     | Noticed Lodul
 17428 | D:13     | Killed Lodul
 17772 | D:13     | Identified a scroll of acquirement
 17773 | D:13     | Acquired the ring of Ynlarou {rElec Will+ Str+2 Slay+3}
 17783 | D:13     | Found a burning altar of Makhleb.
 17783 | D:13     | Noticed a balrug
 17808 | D:13     | Found a gate to the Vaults.
 18057 | D:14     | Identified the +9 war axe "Yhozieli" {heavy, rC+ Dex+3}
 18104 | D:14     | Reached skill level 1 in Throwing
 18104 | D:14     | Reached skill level 1 in Dodging
 18180 | D:14     | Reached skill level 1 in Evocations
 18603 | D:15     | Entered Level 15 of the Dungeon
 18773 | D:15     | Noticed Nessos
 18790 | D:15     | Killed Nessos
 18791 | D:15     | Reached skill level 15 in Fighting
 19217 | D:15     | Reached XP level 15. HP: 57/141 MP: 14/14
 19348 | D:15     | Noticed Azrael
 19370 | D:15     | Killed Azrael
 19629 | D:15     | Reached skill level 15 in Armour
 19651 | D:15     | Found a staircase to the Depths.
 19923 | Orc:1    | Entered Level 1 of the Orcish Mines
 19957 | Orc:2    | Entered Level 2 of the Orcish Mines
 20675 | Orc:2    | Found a staircase to the Elven Halls.
 20697 | Orc:2    | Reached skill level 16 in Fighting
 20697 | Orc:2    | Noticed Saint Roka
 20724 | Orc:2    | Killed Saint Roka
 21277 | Orc:2    | Found Pushakho's Magic Scroll Emporium.
 21277 | Orc:2    | Found Migiri's Armour Shoppe.
 21278 | Orc:2    | Found Diylatiuru's Weapon Shoppe.
 21282 | Orc:2    | Found Ryiviol's Armour Emporium.
 21285 | Orc:2    | Bought a scroll of identify for 34 gold pieces
 21285 | Orc:2    | Bought a scroll of identify for 34 gold pieces
 21285 | Orc:2    | Bought a scroll of identify for 34 gold pieces
 21476 | Orc:2    | Bought a +0 pair of boots for 58 gold pieces
 21476 | Orc:2    | Bought the +2 hood of the Assassin {Detect Stab+ Stlth++}
                  | for 780 gold pieces
 21476 | Orc:2    | Found the +2 hood of the Assassin {Detect Stab+ Stlth++}
 21722 | Orc:1    | Found a runed translucent door.
 21722 | Orc:1    | Found a shimmering altar of Xom.
 21722 | Orc:1    | Noticed Jaeprux's ghost (journeyman MiFi)
 22401 | Swamp:1  | Entered Level 1 of the Swamp
 22534 | Swamp:1  | Noticed Donald
 22544 | Swamp:1  | Killed Donald
 22583 | Swamp:1  | Reached skill level 5 in Dodging
 23025 | Swamp:2  | Reached skill level 5 in Throwing
 23681 | Swamp:2  | Reached skill level 17 in Fighting
 24038 | Swamp:3  | Reached XP level 16. HP: 155/155 MP: 15/15
 24116 | Swamp:3  | Noticed a thorn hunter
 24125 | Swamp:3  | Reached skill level 5 in Evocations
 24136 | Swamp:3  | Killed a thorn hunter
 24942 | Swamp:3  | Got the Codex of Reanimation Made Easy
 25085 | Swamp:4  | Entered Level 4 of the Swamp
 25414 | Swamp:4  | Reached skill level 18 in Fighting
 25428 | Swamp:4  | Noticed a thorn hunter
 25543 | Swamp:4  | Killed a thorn hunter
 25665 | Swamp:4  | Noticed Roxanne
 26340 | Swamp:4  | Got a decaying rune of Zot
 26493 | Swamp:4  | Killed Roxanne
 26895 | Snake:1  | Entered Level 1 of the Snake Pit
 27111 | Snake:1  | Reached XP level 17. HP: 143/166 MP: 16/16
 27129 | Snake:1  | Noticed Nikola
 27145 | Snake:1  | Killed Nikola
 27339 | Snake:1  | Reached skill level 1 in Stealth
 27375 | Snake:1  | Reached skill level 19 in Fighting
 28104 | Snake:1  | Found a large runed translucent door.
 28104 | Snake:1  | Found a large runed translucent door.
 28108 | Snake:1  | Noticed inkslinger's ghost (adept GrEE)
 28286 | Snake:1  | Killed inkslinger's ghost
 28534 | Snake:2  | You fall into a shaft and drop 1 floor!
 28534 | Snake:3  | Found a shimmering altar of Xom.
 29082 | Snake:2  | Acquired the +12 crystal plate armour of Empasotu {+Inv
                  | Regen+}
 29409 | Snake:2  | Found a runed translucent door.
 29454 | Snake:2  | Noticed Usydixif's ghost (adept MDNe)
 29664 | Snake:2  | Killed Usydixif's ghost
 30249 | Snake:3  | Identified the +9 mace "Adghoqo" {vamp, Str+3}
 30325 | Snake:3  | Reached skill level 20 in Fighting
 30387 | Snake:3  | Identified the ring "Uroxzucw" {rPois rCorr Str+2 Int+3}
 30460 | Snake:3  | Identified the +1 great sword "Ameur Odwu" {heavy, rN+
                  | Will+}
 30469 | Snake:3  | Reached XP level 18. HP: 178/178 MP: 17/17
 30952 | Snake:4  | Entered Level 4 of the Snake Pit
 30953 | Snake:4  | Found a blossoming altar of Fedhas.
 31274 | Snake:4  | Noticed Bai Suzhen
 31786 | Snake:4  | Got a serpentine rune of Zot
 32326 | Orc:1    | Killed Jaeprux's ghost
 32704 | D:6      | Killed KennySheep's ghost
 32931 | Orc:2    | Bought a scroll of enchant armour for 127 gold pieces
 32931 | Orc:2    | Bought a scroll of fear for 68 gold pieces
 32934 | Orc:2    | Bought a runed demon blade for 612 gold pieces
 32934 | Orc:2    | Reached XP level 19. HP: 187/187 MP: 18/18
 32941 | Orc:2    | Bought the +16 obsidian axe {drain, demonic, Mesm ^Drain
                  | Fly SInv} for 1043 gold pieces
 32941 | Orc:2    | Found the +16 obsidian axe {drain, demonic, Mesm ^Drain Fly
                  | SInv}
 32956 | Orc:2    | Reached XP level 20. HP: 195/195 MP: 19/19
 33112 | Vaults:1 | Entered Level 1 of the Vaults
 33427 | Vaults:1 | Reached skill level 21 in Fighting
 33573 | Vaults:1 | Identified the +4 scale mail "Jetaeno" {Str+3}
 33623 | Vaults:1 | Reached skill level 10 in Axes
 34080 | Vaults:1 | Identified the +8 arbalest of the Everdark {penet, Dex+4}
 34632 | Vaults:2 | Identified the orb of Loss {*channel, Harm rC++ Conj
                  | Alchemy}
 34632 | Vaults:2 | Noticed Frederick
 34641 | Vaults:2 | Killed from afar by Frederick

Illustrated notes

Levels and vault maps discovered:
D:1:      roadster_arrival_rocket_small, layout_basic, serial_corexii_hall,
          corexii_hall_statues_u, corexii_hall_statues_t, solitary_fountain
D:2:      layout_basic
D:3:      layout_loops_corners, overflow_temple_1_default,
          guppyfry_early_orc_mine, uniq_crazy_yiuf_cottage
D:4:      layout_loops_cross, overflow_temple_1_default, minmay_circle_x,
          uniq_blork_the_orc
D:5:      layout_loops_corners, amethyst_overflow_temple_binary, uniq_duvessa
D:6:      layout_loops_ring, nicolae_dithmenos_the_darkroom, temple_statues,
          gammafunk_ghost_gnarly_gnolls, grunt_ministairs_15, kennysheep_donut
D:7:      layout_basic, zin_academy
D:8:      layout_basic, general_overflow_altar, ashenzari_conservatory_becter,
          enter_bailey_3, grunt_decor_clamped, blue_anna_alchemist, uniq_maggie
D:9:      layout_irregular_city, david_orc_4, minivault_19, uniq_erica
D:10:     layout_cave_pools, slow_altar_1, nicolae_shop_i_like_big_books
D:11:     layout_basic, erik_lair_orcish_takeover, uniq_fannar
D:12:     layout_cave_pools
D:13:     layout_rooms, david_vaults_2, hex_tiny,
          serial_library_hellmonk_layered_room, makhleb_altar_promises_db,
          uniq_lodul
D:14:     layout_rooms, nicolae_zig_zag_zippers, kennysheep_nub
D:15:     hangedman_depths_entry_civil_slaughter, layout_loops_ring,
          uniq_azrael, uniq_nessos
Temple:   cyrus_circular_temple
Lair:1:   layout_loops_ring, basic_altar, lemuel_fruit_tree
Lair:2:   layout_loops_ring, skrybe_swamp_entry_bodies,
          nicolae_snake_entry_squirm
Lair:3:   nzn_winding_woodlands_stair_trap
          [nzn_winding_woodlands_5x15_pathside_ponds,
          nzn_winding_woodlands_5x15_longhouse,
          nzn_winding_woodlands_5x15_lazy_stream,
          nzn_winding_woodlands_15x15_thick_spiral,
          nzn_winding_woodlands_5x15_parted, nzn_winding_woodlands_5x15_crooked,
          nzn_winding_woodlands_5x15_garden], layout_regular_city,
          ebering_ghost_disaster_area
Lair:4:   layout_cellular_growth, portal_ice_cave_entry_pillars_2,
          gauntlet_entry_generic, grunt_megastairs_5, uniq_urug
Lair:5:   evil_forest, layout_small_grid, nicolae_slime_entry_field_trip
Swamp:1:  layout_basic_swamp, evilmike_swamp_ruin_house_1, uniq_donald
Swamp:2:  layout_basic_swamp, evilmike_swamp_ruin_house_5, swamp_pool_1_2,
          nicolae_swamp_vermiculated
Swamp:3:  layout_basic_swamp, evilmike_swamp_ruin_rubble_1,
          nicolae_swamp_necromancy_gone_wrong
Swamp:4:  swamp_fiery, layout_basic_swamp, uniq_roxanne
Snake:1:  layout_rooms, ebering_ghost_disaster_area, nicolae_snake_omega,
          uniq_nikola
Snake:2:  nicolae_snake_shooting_gallery, layout_misc_corridors,
          hellmonk_ghost_happy_afterlife
Snake:3:  layout_misc_corridors, lemuel_altar_in_water2,
          nicolae_snake_storage_room
Snake:4:  hellmonk_snake_rune_quicksilver_temple, layout_layer_cave,
          basic_altar, uniq_bai_suzhen
Orc:1:    layout_diamond_mine, ebering_ghost_xom, hangedman_minor_magic
Orc:2:    st_orc_mages, layout_caves, nicolae_orc_damp_corner, uniq_saint_roka
Vaults:1: nicolae_vaults_rhombus_7, nicolae_vaults_yaktaur_gun_rack,
          hangedman_vaults_slice, dpeg_vaults_monster_box,
          nicolae_vaults_more_shelving_2, v_alt_pattern_5,
          nicolae_vaults_security_offices_4, nicolae_vaults_alarming,
          vaults_dpeg_ring, nicolae_vaults_tetromino_T_2, vaults_dpeg_cross,
          v_alt_pattern_1, layout_vaults_omnibox
Vaults:2: nicolae_vaults_closet_pinwheel_4, nicolae_vaults_little_squares_2,
          hangedman_vaults_snaps, nicolae_vaults_triangles, v_misc_17,
          nicolae_vaults_shelves_hall, vaults_room_glass_cross,
          nicolae_vaults_little_squares_5, vaults_dpeg_emergency_exit,
          layout_vaults_omnigrid, serial_shops, nicolae_shop_peninsula,
          uniq_frederick, uniq_margery

Skill      XL: |  1  2  3  4  5  6  7  8  9 10 11 12 13 14 15 16 17 18 19 20 |
---------------+-------------------------------------------------------------+-----
Long Blades    | 3 4 5 6 7 9 11 12 14 16 18 19 | 19.3
Fighting       | 4 5 6 7 8 9 11 12 13 15 17 18 20 21 | 21.3
Armour         | 4 5 6 7 8 9 11 12 13 14 15 16 17 | 17.8
Shields        | 4 5 6 7 8 9 11 12 13 14 | 14.4
Throwing       | 2 5 7 8 9 |  9.4
Dodging        | 2 5 7 9 |  9.9
Evocations     | 2 4 6 7 8 |  8.3
Stealth        | 3 4 |  4.6
Axes           | 4 7 12 | 12.0

Action                     |  1- 3 |  4- 6 |  7- 9 | 10-12 | 13-15 | 16-18 | 19-21 || total
---------------------------+-------+-------+-------+-------+-------+-------+-------++-------
  Melee: Long sword        |    85 |   157 |   361 |     1 |       |       |       ||   604
         Headbutt          |     6 |    25 |    77 |   141 |   333 |   311 |    55 ||   948
         Scimitar          |       |       |       |   533 |  1271 |  1060 |       ||  2864
         Great sword       |       |       |       |       |       |   156 |       ||   156
         Broad axe         |       |       |       |       |       |       |   177 ||   177
  Throw: Boomerang         |       |       |       |       |       |   109 |       ||   109
         Throwing net      |       |       |       |       |       |     1 |       ||     1
 Invoke: Potion Petition   |       |       |       |       |     2 |    10 |       ||    12
         Call Merchant     |       |       |       |       |       |     1 |       ||     1
         Bribe Branch      |       |       |       |       |       |     1 |       ||     1
  Evoke: Wand              |       |       |     6 |     8 |     9 |    11 |       ||    34
         Lightning rod     |       |       |       |       |     2 |       |       ||     2
    Use: Potion            |       |       |     1 |     4 |     3 |     8 |     1 ||    17
         Scroll            |       |       |       |       |    22 |     9 |     2 ||    33
   Stab: Distracted        |       |       |       |     3 |     5 |    17 |     6 ||    31
         Invisible         |       |       |       |       |       |     3 |       ||     3
 Armour: Scale mail        |    61 |    58 |       |       |       |       |       ||   119
         Chain mail        |       |    88 |   277 |   379 |   921 |   707 |       ||  2372
         Crystal plate arm |       |       |       |       |       |   536 |   243 ||   779
  Dodge: Dodged            |    43 |    66 |   128 |   127 |   354 |   465 |    86 ||  1269
  Block: Buckler           |    16 |    44 |   122 |   145 |   336 |       |       ||   663
         Kite shield       |       |       |       |       |    84 |   735 |       ||   819

Table legend: (Time is in decaauts)
 A = Elapsed time spent in this place.
 B = Non-inter-level travel time spent in this place.
 C = Inter-level travel time spent in this place.
 D = Time resting spent in this place.
 E = Time spent auto-exploring this place.
 F = Levels seen in this place.
 G = Mean time per level.
                   A        B        C        D        E       F      G
               +--------+--------+--------+--------+--------+-----+--------+
         Total |  34385 |  31476 |   2909 |   1739 |  21700 |  34 | 1011.3 |
       Dungeon |  13875 |  12357 |   1518 |    342 |   9585 |  15 |  925.0 |
        Temple |     14 |      2 |     12 |      0 |      0 |   1 |   14.0 |
          Lair |   6687 |   5983 |    704 |    166 |   4440 |   5 | 1337.4 |
         Swamp |   4380 |   4231 |    149 |    300 |   2857 |   4 | 1095.0 |
     Snake Pit |   4817 |   4685 |    132 |    638 |   2367 |   4 | 1204.2 |
  Orcish Mines |   2486 |   2137 |    349 |    292 |   1163 |   2 | 1243.0 |
        Vaults |   1546 |   1504 |     42 |      0 |   1155 |   2 |  773.0 |
        Bailey |    576 |    576 |      0 |      0 |    131 |   1 |  576.0 |
               +--------+--------+--------+--------+--------+-----+--------+

Top non-repeatable levels by time:
  Lair:3: 1643 daAuts
 Snake:2: 1545 daAuts
  Lair:5: 1538 daAuts
 Swamp:4: 1480 daAuts
     D:3: 1456 daAuts
  Lair:2: 1434 daAuts
     D:9: 1348 daAuts
   Orc:2: 1287 daAuts
 Snake:3: 1225 daAuts
  Lair:4: 1206 daAuts
 Swamp:3: 1204 daAuts
   Orc:1: 1198 daAuts
     D:6: 1164 daAuts
    D:15: 1134 daAuts
 Snake:1: 1128 daAuts
